 Dungeon Crawl Stone Soup version 0.21.1 (webtiles) character file.

127 pstr the Digger (level 5, -3/42 HPs)
             Began as a Naga Earth Elementalist on Feb 2, 2018.
             Slain by an orc wizard
             ... wielding a +0 dagger
              (4 damage)
             ... on level 4 of the Dungeon.
             The game lasted 00:05:59 (2530 turns).

pstr the Digger (Naga Earth Elementalist)           Turns: 2530, Time: 00:06:00

Health: -3/42      AC:  2    Str: 11      XL:     5   Next: 11%
Magic:  3/10       EV:  9    Int: 16      God:
Gold:   186        SH:  0    Dex:  3 (11) Spells: 7/11 levels left

rFire    . . .     SeeInvis +   (no weapon)
rCold    . . .     Gourm    .   (no shield)
rNeg     . . .     Faith    .   c - +0 robe
rPois    +         Spirit   .   (no helmet)
rElec    .         Reflect  .   (no cloak)
rCorr    .         Harm     +   (no gloves)
MR       .....                  (no barding)
Stlth    +.........             f - amulet of harm
HPRegen  0.14/turn              m - ring of poison resistance
MPRegen  0.12/turn              (no ring)

@: about to teleport, very slightly contaminated, heavily drained, very slow
A: large, see invisible, deformed body, poison resistance, slowness 2, slow
metabolism 1, spit poison 1, AC +1
a: Spit Poison


You were on level 4 of the Dungeon.
You were hungry.

You visited 1 branch of the dungeon, and saw 4 of its levels.

You collected 186 gold pieces.

Inventory:

Missiles
 b - 23 stones (quivered)
 g - 40 arrows
Armour
 c - a +0 robe (worn)
 w - a +0 leather armour
Jewellery
 f - an amulet of harm (around neck)
 m - a ring of poison resistance (left hand)
 x - an uncursed amulet of guardian spirit
Wands
 p - a wand of random effects (26)
 v - a wand of scattershot (5)
Scrolls
 i - 2 scrolls of enchant armour {unknown}
 j - 3 scrolls of identify
 l - a scroll of enchant weapon
 n - 3 scrolls of remove curse
Potions
 h - a potion of brilliance {unknown}
 o - a potion of resistance {unknown}
 q - 2 potions of curing {unknown}
 s - a potion of might {unknown}
 t - a potion of mutation {unknown}
 u - 2 potions of agility {unknown}
 z - a potion of berserk rage {unknown}
Books
 e - a book of Geomancy

   Spells                             Type                      Level
   a - Sandblast                      Earth                        1
   b - Passwall                       Transmutation/Earth          2
   c - Stone Arrow                    Conjuration/Earth            3
   d - Petrify                        Transmutation/Earth          4
   e - Lee's Rapid Deconstruction     Earth                        5
Comestibles
 d - 7 rations


   Skills:
 + Level 0.2(0.0) Fighting
 + Level 1.8(0.3) Dodging
 + Level 3.9(2.3) Stealth
 + Level 3.6(2.0) Spellcasting
   Level 1.0(0.0) Transmutations
 + Level 3.9(2.3) Earth Magic


You had 7 spell levels left.
You knew the following spells:

 Your Spells              Type           Power        Failure   Level  Hunger
a - Sandblast             Erth           #.....       8%          1    #......
b - Stone Arrow           Conj/Erth      #.....       36%         3    ###....


Dungeon Overview and Level Annotations

Branches:
Dungeon (4/15)
 Temple: D:4-7

Altars:
Dithmenos
Fedhas
Gozag
Vehumet


Innate Abilities, Weirdness & Mutations

You cannot wear boots.
Your serpentine skin is tough. (AC +1)
You have supernaturally acute eyesight. (SInv)
Armour fits poorly on your strangely shaped body.
Your system is resistant to poisons. (rPois)
You cover ground very slowly.
You have a slow metabolism.
You can spit poison.


Message History

The blast of sand misses the orc wizard.
b - 23 stones The orc wizard hits you with a dagger.
* * * LOW HITPOINT WARNING * * *
The orc hits you with a hand axe.
* * * LOW HITPOINT WARNING * * *
The orc hits you but does no damage. The orc wizard hits you with a dagger.
* * * LOW HITPOINT WARNING * * *
As you read the scroll of teleportation, it crumbles to dust.
You feel strangely unstable. The orc wizard hits you with a dagger.
* * * LOW HITPOINT WARNING * * *
The orc closely misses you.
Throwing (i - inventory):
b - 23 stones (quivered)
Press: ? - help, Shift-Dir - straight line, f/p - orc wizard
Aim: an orc wizard, wielding a dagger and wearing a robe (moderately wounded, slightly transparent)
Okay, then.
Okay, then.
The orc wizard hits you with a dagger.
You die...

#......##. .#
........#.###########.##
........#..............#
........#..........$...#
#..............##
#...............#
##...........##.#
#......oo.†.##.
#......@o.(.....
#####.......o........
#...%..)..............
#.#######'######/..%..
#.....#.# ......
#.###.#.# ......
#.#...#.# .... #.#.###.#
#<......#


You could see an orc priest, an orc wizard (invisible) and 2 orcs.

Vanquished Creatures
  A quasit (D:3)
  An orc wizard (D:3)
  A gnoll (D:4)
  2 oozes
  A worm (D:3)
  A leopard gecko (D:3)
  3 orcs
  2 giant cockroaches
  8 goblins
  5 hobgoblins
  2 kobolds
  2 quokkas
  10 bats
  2 frilled lizards
  6 rats
47 creatures vanquished.

Notes
Turn   | Place    | Note
-------+----------+-------------------------------------------
     0 | D:1      | pstr the Naga Earth Elementalist began the quest for the Orb.
     0 | D:1      | Reached XP level 1. HP: 15/15 MP: 3/3
   227 | D:1      | Reached XP level 2. HP: 18/22 MP: 1/5
  1107 | D:2      | Reached XP level 3. HP: 28/28 MP: 4/6
  1209 | D:2      | Found a blossoming altar of Fedhas.
  1219 | D:2      | Found a shadowy altar of Dithmenos.
  1319 | D:2      | Found an opulent altar of Gozag.
  1323 | D:2      | Found a radiant altar of Vehumet.
  1945 | D:3      | Reached XP level 4. HP: 33/36 MP: 6/8
  1952 | D:3      | Learned a level 3 spell: Stone Arrow
  2033 | D:3      | Reached XP level 5. HP: 31/42 MP: 0/10
  2529 | D:4      | HP: 1/42 [orc wizard/dagger (2)]
  2530 | D:4      | Slain by an orc wizard

Skill      XL: |  1  2  3 |
---------------+----------+-----
Spellcasting   | 3 |  3.6
Fighting       | |  0.2
Dodging        | |  1.8
Stealth        | |  3.9
Transmutations | |  1.0
Earth Magic    | |  3.9

Action                   |  1- 3 |  4- 6 || total
-------------------------+-------+-------++-------
Melee: Unarmed           |     2 |       ||     2
 Cast: Sandblast         |    44 |    23 ||    67
 Abil: Spit Poison       |     5 |     3 ||     8
  Use: Scroll            |       |     6 ||     6
       Potion            |       |     1 ||     1
  Eat: Chunk             |     3 |     1 ||     4
Armor: Robe              |     5 |    19 ||    24
Dodge: Dodged            |    10 |    33 ||    43
